PCL
MEMPHIS REDBIRDS @ NASHVILLE SOUNDS
06/13/2004
 
TOP OF THE 1ST
Memphis Redbirds batting - Pitching for Nashville Sounds : RHP Dave Perez
Pitching: RHP Dave Perez
Batting: LHB Alex Sanchez 0-0: Ground out U3 (Groundball, 3S, EV 87.5 MPH)
Batting: LHB Alexis Gomez 0-0: DOUBLE (Line Drive, 7LM, EV 105.6 MPH)
Batting: LHB Melvin Sanchez 0-0: Swinging Strike
0-1: Ball
1-1: Called Strike
1-2: Strikes out swinging
Batting: RHB Brent Butler 0-0: Ground out 6-3 (Groundball, 6, EV 101.9 MPH)
Top of the 1st over - 0 runs, 1 hit, 0 errors, 1 left on base; Memphis 0 - Nashville 0
BOTTOM OF THE 1ST
Nashville Sounds batting - Pitching for Memphis Redbirds : LHP Neal Cotts
Pitching: LHP Neal Cotts
Batting: RHB Todd Donovan 0-0: Ball
1-0: Ball
2-0: Ball
3-0: Called Strike
3-1: Called Strike
3-2: Foul Ball, location: 7LMF
3-2: Base on Balls
Batting: RHB Josue Gonzalez 0-0: Ball
1-0: Called Strike
Todd Donovan steals 2nd base
1-1: Ball
2-1: Swinging Strike
2-2: Strikes out swinging
Batting: RHB Jesse Gutierrez 0-0: Ball
1-0: Foul Ball, location: 2F
1-1: Ground out 4-3 (Groundball, 4, EV 80.6 MPH)
Todd Donovan to third
Batting: RHB Oscar Omar Ramirez 0-0: Swinging Strike
0-1: Called Strike
0-2: Strikes out looking
Bottom of the 1st over - 0 runs, 0 hits, 0 errors, 1 left on base; Memphis 0 - Nashville 0
TOP OF THE 2ND
Memphis Redbirds batting - Pitching for Nashville Sounds : RHP Dave Perez
Batting: RHB Alex del Valle 0-0: Fly out, F4 (Popup, 4S, EV 66.3 MPH)
Batting: RHB Quim Natividade 0-0: Ball
1-0: Foul Ball, location: 9LMF
1-1: Called Strike
1-2: Ball
2-2: Ball
3-2: Strikes out swinging
Batting: SHB Jose Acuna 0-0: Ball
1-0: Called Strike
1-1: Ball
2-1: Foul Ball, location: 23F
2-2: Ball
3-2: Strikes out swinging
Top of the 2nd over - 0 runs, 0 hits, 0 errors, 0 left on base; Memphis 0 - Nashville 0
BOTTOM OF THE 2ND
Nashville Sounds batting - Pitching for Memphis Redbirds : LHP Neal Cotts
Batting: RHB Nate Espy 0-0: Ball
1-0: SINGLE (Groundball, 34D, EV 106.3 MPH)
Batting: SHB Brayan Pena 0-0: Foul Ball, location: 7LSF
0-1: Ball
1-1: Swinging Strike
1-2: Fly out, F7 (Flyball, 78M, EV 87.5 MPH)
Batting: LHB Terrmel Sledge 0-0: 2-RUN HOME RUN (Flyball, 8LXD, EV 110.0 MPH), Distance : 421 ft
Batting: LHB Andrew Salvo 0-0: Ball
1-0: Foul Ball, location: 2F
1-1: Swinging Strike
1-2: Strikes out swinging
Batting: LHB Marcus Nettles 0-0: Ball
1-0: Fly out, F7 (Flyball, 7, EV 76.9 MPH)
Bottom of the 2nd over - 2 runs, 2 hits, 0 errors, 0 left on base; Memphis 0 - Nashville 2
TOP OF THE 3RD
Memphis Redbirds batting - Pitching for Nashville Sounds : RHP Dave Perez
Batting: LHB Sean Burroughs 0-0: Foul Ball, location: 5SF
0-1: Fly out, F8 (Flyball, 8LD, EV 92.5 MPH)
Batting: RHB Michael Barrett 0-0: DOUBLE (Line Drive, 89XD, EV 97.5 MPH)
Batting: LHB Alex Sanchez 0-0: Ball
1-0: Ball
2-0: Foul Ball, location: 2F
2-1: Foul Ball, location: 2F
2-2: SINGLE (Line Drive, 89S, EV 100.6 MPH)
Michael Barrett to third
Runner from 3rd tries for Home, SAFE, throw by RF to home
Batting: LHB Alexis Gomez 0-0: Called Strike
0-1: Ball
1-1: Ball
2-1: DOUBLE (Line Drive, 89D, EV 97.5 MPH)
Alex Sanchez to third
Runner from 3rd tries for Home, SAFE, throw by RF to trailing runner, SAFE at third!
Batting: LHB Melvin Sanchez 0-0: Swinging Strike
0-1: SINGLE (Line Drive, 4MD, EV 95.6 MPH)
Alexis Gomez scores
Batting: RHB Brent Butler 0-0: Ball
1-0: Ball
2-0: Foul Ball, location: 23F
2-1: Ball
3-1: SINGLE (Line Drive, 3D, EV 107.5 MPH)
Melvin Sanchez to second
Batting: RHB Alex del Valle 0-0: Called Strike
0-1: Ball
1-1: Ball
2-1: Ball
3-1: Base on Balls
Melvin Sanchez to third
Brent Butler to second
Batting: RHB Quim Natividade 0-0: Called Strike
0-1: Ball
1-1: Ball
2-1: Ball
3-1: Base on Balls
Melvin Sanchez scores
Brent Butler to third
Alex del Valle to second
Batting: SHB Jose Acuna 0-0: Ball
1-0: Ball
2-0: Ball
3-0: Base on Balls
Brent Butler scores
Alex del Valle to third
Quim Natividade to second
Batting: LHB Sean Burroughs 0-0: Ball
1-0: Ball
2-0: Fly out, F7 (Line Drive, 7D, EV 90.0 MPH)
Runner from 3rd tags up, SCORES, throw by LF
Quim Natividade to third
Pitching: RHP Chris Schutt
Batting: RHB Michael Barrett 0-0: Called Strike
0-1: Called Strike
0-2: Ball
1-2: SINGLE (Groundball, 34D, EV 105.0 MPH)
Quim Natividade scores
Jose Acuna to second
Runner from 2nd tries for 3rd, SAFE, throw by RF made to third
Michael Barrett to second
Batting: LHB Alex Sanchez 0-0: Ball
1-0: Ball
2-0: Ball
3-0: Called Strike
3-1: SINGLE (Groundball, 56, EV 103.1 MPH)
Jose Acuna scores
Michael Barrett to third
Runner from 3rd tries for Home, SAFE, throw by LF to home
Batting: LHB Alexis Gomez 0-0: Fly out, F7 (Flyball, 7LS, EV 85.6 MPH)
Top of the 3rd over - 9 runs, 7 hits, 0 errors, 1 left on base; Memphis 9 - Nashville 2
BOTTOM OF THE 3RD
Nashville Sounds batting - Pitching for Memphis Redbirds : LHP Neal Cotts
Batting: RHB Todd Donovan 0-0: Called Strike
0-1: Ground out 5-3 (Groundball, 5, EV 88.1 MPH)
Batting: RHB Josue Gonzalez 0-0: Ball
1-0: Ground out 3-1 (Groundball, 34S, EV 92.5 MPH)
Batting: RHB Jesse Gutierrez 0-0: Ball
1-0: Foul Ball, location: 23F
1-1: Ball
2-1: Ball
3-1: Foul Ball, location: 25FF
3-2: Foul Ball, location: 5DF
3-2: Base on Balls
Batting: RHB Oscar Omar Ramirez 0-0: Foul Ball, location: 25F
0-1: Ball
1-1: Foul Ball, location: 9LDF
1-2: Strikes out swinging
Bottom of the 3rd over - 0 runs, 0 hits, 0 errors, 1 left on base; Memphis 9 - Nashville 2
TOP OF THE 4TH
Memphis Redbirds batting - Pitching for Nashville Sounds : RHP Chris Schutt
Batting: LHB Melvin Sanchez 0-0: Ball
1-0: Called Strike
1-1: Ball
2-1: Swinging Strike
2-2: Ball
3-2: Base on Balls
Batting: RHB Brent Butler 0-0: Called Strike
0-1: Foul Ball, location: 5FF
0-2: Ball
1-2: Foul Ball, location: 9LSF
1-2: Ball
2-2: Grounds into double play, 6-4-3 (Groundball, 6, EV 83.1 MPH)
Batting: RHB Alex del Valle 0-0: Ball
1-0: Foul Ball, location: 2F
1-1: Foul Ball, location: 2F
1-2: Ball
2-2: Ground out 5-3 (Groundball, 5, EV 85.0 MPH)
Top of the 4th over - 0 runs, 0 hits, 0 errors, 0 left on base; Memphis 9 - Nashville 2
BOTTOM OF THE 4TH
Nashville Sounds batting - Pitching for Memphis Redbirds : LHP Neal Cotts
Batting: RHB Nate Espy 0-0: Ball
1-0: DOUBLE (Line Drive, 89XD, EV 97.5 MPH)
Batting: SHB Brayan Pena 0-0: Called Strike
0-1: Swinging Strike
0-2: Ball
1-2: Foul Ball, location: 25F
1-2: Foul Ball, location: 2F
1-2: Ball
2-2: SINGLE (Groundball, 56D, EV 105.6 MPH)
Nate Espy to third
Batting: LHB Terrmel Sledge 0-0: Called Strike
0-1: Called Strike
0-2: Strikes out swinging
Batting: LHB Andrew Salvo 0-0: Ball
1-0: Foul Ball, location: 5FF
1-1: Ground out 6-3 (Groundball, 6MS, EV 68.1 MPH)
Nate Espy scores
Brayan Pena to second
Batting: LHB Marcus Nettles 0-0: Called Strike
0-1: DOUBLE (Groundball, 3L, EV 101.9 MPH)
Brayan Pena scores
Batting: RHB Todd Donovan 0-0: Foul Ball, location: 2F
0-1: Swinging Strike
0-2: Strikes out swinging
Bottom of the 4th over - 2 runs, 3 hits, 0 errors, 1 left on base; Memphis 9 - Nashville 4
TOP OF THE 5TH
Memphis Redbirds batting - Pitching for Nashville Sounds : RHP Chris Schutt
Batting: RHB Quim Natividade 0-0: Ball
1-0: Ball
2-0: DOUBLE (Line Drive, 9LD, EV 101.3 MPH)
Batting: SHB Jose Acuna 0-0: Ball
1-0: Called Strike
1-1: Ball
2-1: Ball
3-1: Base on Balls
Pitching: RHP Dicky Gonzalez
Batting: LHB Sean Burroughs 0-0: Called Strike
0-1: Ball
1-1: Ball
2-1: Foul Ball, location: 2F
2-2: Ball
3-2: Strikes out swinging
Batting: RHB Michael Barrett 0-0: Called Strike
0-1: Called Strike
0-2: Ball
1-2: Foul Ball, location: 9LMF
1-2: Foul Ball, location: 9LSF
1-2: Fielders Choice at 2nd, 3-6 (Groundball, 34, EV 87.5 MPH)
Quim Natividade to third
Batting: LHB Alex Sanchez 0-0: Ball
1-0: Called Strike
1-1: Foul Ball, location: 2F
1-2: Ball
2-2: SINGLE (Line Drive, 89S, EV 103.1 MPH)
Quim Natividade scores
Michael Barrett to second
Batting: LHB Alexis Gomez 0-0: Ball
1-0: Called Strike
1-1: DOUBLE (Flyball, 89D, EV 95.0 MPH)
Michael Barrett scores
Alex Sanchez to third
Runner from 3rd tries for Home, SAFE, throw by RF to trailing runner, SAFE at third!
Batting: LHB Melvin Sanchez 0-0: Ball
1-0: SINGLE (Groundball, 6MD, EV 100.6 MPH)
Alexis Gomez scores
Batting: RHB Brent Butler 0-0: Ball
1-0: Ball
2-0: Called Strike
2-1: Fly out, F9 (Line Drive, 9, EV 96.9 MPH)
Top of the 5th over - 4 runs, 4 hits, 0 errors, 1 left on base; Memphis 13 - Nashville 4
BOTTOM OF THE 5TH
Nashville Sounds batting - Pitching for Memphis Redbirds : LHP Neal Cotts
Batting: RHB Josue Gonzalez 0-0: Called Strike
0-1: Ground out 4-3 (Groundball, 4M, EV 91.9 MPH)
Batting: RHB Jesse Gutierrez 0-0: Called Strike
0-1: SINGLE (Line Drive, 89S, EV 95.0 MPH)
Batting: RHB Oscar Omar Ramirez 0-0: Called Strike
0-1: Ball
1-1: Ball
2-1: Ball
3-1: Base on Balls
Jesse Gutierrez to second
Batting: RHB Nate Espy 0-0: Ball
1-0: Ball
2-0: Foul Ball, location: 5F
2-1: Ball
3-1: Called Strike
3-2: 3-RUN HOME RUN (Flyball, 89XD, EV 100.6 MPH), Distance : 392 ft
Pitching: RHP Gil Meche
Batting: SHB Brayan Pena 0-0: Called Strike
0-1: Hit by Pitch
Batting: LHB Terrmel Sledge 0-0: Ball
1-0: Foul Ball, location: 2F
1-1: Fly out, F3 (Popup, 3F, EV 73.1 MPH)
Batting: LHB Andrew Salvo 0-0: Called Strike
0-1: Ball
1-1: Ball
2-1: Ball
3-1: Called Strike
3-2: Foul Ball, location: 2F
3-2: Foul Ball, location: 3FF
3-2: Base on Balls
Brayan Pena to second
Batting: LHB Marcus Nettles 0-0: Ball
1-0: Called Strike
1-1: Ball
2-1: Ground out 5-3 (Groundball, 56S, EV 87.5 MPH)
Bottom of the 5th over - 3 runs, 2 hits, 0 errors, 2 left on base; Memphis 13 - Nashville 7
TOP OF THE 6TH
Memphis Redbirds batting - Pitching for Nashville Sounds : RHP Dicky Gonzalez
Batting: RHB Alex del Valle 0-0: Swinging Strike
0-1: SINGLE (Groundball, 6MD, EV 98.8 MPH)
Pitching: RHP Bryan Bullington
Batting: RHB Quim Natividade 0-0: Ball
1-0: Fly out, F9 (Flyball, 9D, EV 95.0 MPH)
Batting: SHB Jose Acuna 0-0: Called Strike
0-1: Fielders Choice at 2nd, 2-6 (Groundball, 2R, EV 73.8 MPH)
Batting: LHB Sean Burroughs 0-0: Ball
1-0: Swinging Strike
1-1: Swinging Strike
1-2: Ground out 4-3 (Groundball, 4, EV 88.8 MPH)
Top of the 6th over - 0 runs, 1 hit, 0 errors, 1 left on base; Memphis 13 - Nashville 7
BOTTOM OF THE 6TH
Nashville Sounds batting - Pitching for Memphis Redbirds : RHP Gil Meche
Batting: RHB Todd Donovan 0-0: Ball
1-0: Called Strike
1-1: Ball
2-1: Called Strike
2-2: Strikes out swinging
Batting: RHB Josue Gonzalez 0-0: Ball
1-0: Fly out, F7 (Flyball, 78D, EV 99.4 MPH)
Batting: RHB Jesse Gutierrez 0-0: Ball
1-0: Called Strike
1-1: Ball
2-1: SINGLE (Groundball, 4MD, EV 102.5 MPH)
Batting: RHB Oscar Omar Ramirez 0-0: Ball
1-0: Ball
2-0: Ball
3-0: Base on Balls
Jesse Gutierrez to second
Batting: RHB Nate Espy 0-0: Ball
1-0: Swinging Strike
1-1: Called Strike
1-2: Strikes out swinging
Bottom of the 6th over - 0 runs, 1 hit, 0 errors, 2 left on base; Memphis 13 - Nashville 7
TOP OF THE 7TH
Memphis Redbirds batting - Pitching for Nashville Sounds : RHP Bryan Bullington
Batting: RHB Michael Barrett 0-0: Called Strike
0-1: Ball
1-1: Called Strike
1-2: Ball
2-2: Ground out 5-3 (Groundball, 5, EV 103.1 MPH)
Batting: LHB Alex Sanchez 0-0: Fly out, F8 (Line Drive, 8RD, EV 85.0 MPH)
Batting: LHB Alexis Gomez 0-0: Swinging Strike
0-1: Ball
1-1: Ball
2-1: SINGLE (Flyball, 6MD, EV 91.3 MPH)
Batting: LHB Melvin Sanchez 0-0: Ball
1-0: Called Strike
1-1: SINGLE (Groundball, 34D, EV 110.0 MPH)
Alexis Gomez to second
Runner from 2nd tries for 3rd, SAFE, throw by RF made to third
Melvin Sanchez to second
Batting: RHB Brent Butler 0-0: Foul Ball, location: 9LDF
0-1: Called Strike
0-2: Strikes out swinging
Top of the 7th over - 0 runs, 2 hits, 0 errors, 2 left on base; Memphis 13 - Nashville 7
BOTTOM OF THE 7TH
Nashville Sounds batting - Pitching for Memphis Redbirds : RHP Gil Meche
Pitching: RHP Jason Young
Batting: SHB Brayan Pena 0-0: Ball
1-0: DOUBLE (Flyball, 78D, EV 110.0 MPH)
Batting: LHB Terrmel Sledge 0-0: Foul Ball, location: 5F
0-1: Fly out, F7 (Flyball, 7, EV 100.0 MPH)
Batting: LHB Andrew Salvo 0-0: Swinging Strike
0-1: Foul Ball, location: 2F
0-2: Hit by Pitch
Batting: LHB Marcus Nettles 0-0: Ball
1-0: Called Strike
1-1: Ball
2-1: Foul Ball, location: 7LSF
2-2: Fly out, F8 (Line Drive, 8LS, EV 101.9 MPH)
Pinch Hitting: LHB Mark Teahen 0-0: Ball
1-0: Ground out 4-3 (Groundball, 4, EV 88.1 MPH)
Bottom of the 7th over - 0 runs, 1 hit, 0 errors, 2 left on base; Memphis 13 - Nashville 7
TOP OF THE 8TH
Memphis Redbirds batting - Pitching for Nashville Sounds : RHP Bryan Bullington
Now in CF: Val Majewski
Batting: RHB Alex del Valle 0-0: Ball
1-0: Ball
2-0: Ball
3-0: Base on Balls
Pitching: RHP Ben Christensen
Batting: RHB Quim Natividade 0-0: Ball
1-0: Fly out, F7 (Line Drive, 7, EV 90.6 MPH)
Batting: SHB Jose Acuna 0-0: Foul Ball, location: 2RF
0-1: Ball
1-1: Ball
2-1: Foul Ball, location: 3F
2-2: SINGLE (Line Drive, 89M, EV 106.3 MPH)
Alex del Valle to second
Batting: LHB Sean Burroughs 0-0: Ball
1-0: Foul Ball, location: 9LDF
1-1: Fly out, F9 (Flyball, 89M, EV 90.6 MPH)
Batting: RHB Michael Barrett 0-0: Ball
1-0: Ball
2-0: Ball
3-0: Called Strike
3-1: Fly out, F9 (Flyball, 9, EV 96.9 MPH)
Top of the 8th over - 0 runs, 1 hit, 0 errors, 2 left on base; Memphis 13 - Nashville 7
BOTTOM OF THE 8TH
Nashville Sounds batting - Pitching for Memphis Redbirds : RHP Jason Young
Batting: RHB Josue Gonzalez 0-0: Ball
1-0: Swinging Strike
1-1: Foul Ball, location: 9LMF
1-2: Ball
2-2: Ball
3-2: Ground out U3 (Groundball, 3S, EV 60.6 MPH)
Batting: LHB Casey Kotchman 0-0: Ground out 4-3 (Groundball, 4, EV 84.4 MPH)
Batting: RHB Oscar Omar Ramirez 0-0: Ball
1-0: Called Strike
1-1: Ground out 5-3 (Groundball, 56S, EV 82.5 MPH)
Bottom of the 8th over - 0 runs, 0 hits, 0 errors, 0 left on base; Memphis 13 - Nashville 7
TOP OF THE 9TH
Memphis Redbirds batting - Pitching for Nashville Sounds : RHP Ben Christensen
Batting: LHB Alex Sanchez 0-0: Called Strike
0-1: Called Strike
0-2: Foul Ball, location: 2F
0-2: Ball
1-2: Foul Ball, location: 2F
1-2: Foul Ball, location: 9LMF
1-2: Ground out 4-3 (Groundball, 4S, EV 85.0 MPH)
Pitching: RHP Jarrett Gardner
Batting: LHB Alexis Gomez 0-0: Called Strike
0-1: Swinging Strike
0-2: Ball
1-2: Foul Ball, location: 25FF
1-2: Ball
2-2: Strikes out swinging
Batting: LHB Melvin Sanchez 0-0: Fly out, F8 (Flyball, 8RM, EV 90.0 MPH)
Top of the 9th over - 0 runs, 0 hits, 0 errors, 0 left on base; Memphis 13 - Nashville 7
BOTTOM OF THE 9TH
Nashville Sounds batting - Pitching for Memphis Redbirds : RHP Jason Young
Batting: RHB Nate Espy 0-0: Foul Ball, location: 9LMF
0-1: SOLO HOME RUN (Flyball, 8LXD, EV 102.5 MPH), Distance : 409 ft
Batting: SHB Brayan Pena 0-0: Ball
1-0: Ball
2-0: Fly out, F3 (Popup, 3, EV 81.3 MPH)
Batting: LHB Terrmel Sledge 0-0: Ground out 6-3 (Groundball, 6, EV 90.0 MPH)
Batting: LHB Andrew Salvo 0-0: Fly out, F6 (Popup, 6M, EV 54.4 MPH)
Bottom of the 9th over - 1 run, 1 hit, 0 errors, 0 left on base; Memphis 13 - Nashville 8
Friday, November 15th , 2024 - OOTP Baseball 25.9 Build 91